 Dungeon Crawl Stone Soup version 0.24.0-37-gcf1ca852f1 (webtiles) character file.

Game seed: 5980856788635529631, levelgen mode: deterministic

1780 theswoord the Shield-Bearer (level 8, -3/58 HPs)
             Began as a Demonspawn Fighter on Nov 24, 2019.
             Slain by Harold
             ... wielding a +0 glaive
              (18 damage)
             ... on level 7 of the Dungeon.
             The game lasted 00:11:20 (6231 turns).

theswoord the Shield-Bearer (Demonspawn Fighter)    Turns: 6231, Time: 00:11:21

Health: -3/58      AC:  9    Str: 21    XL:     8   Next: 81%
Magic:  8/8        EV:  8    Int: 10    God:
Gold:   237        SH: 17    Dex: 13    Spells: 7/7 levels left

rFire    . . .     SeeInvis .   a - +1 war axe
rCold    . . .     Gourm    .   c - +0 shield
rNeg     . . .     Faith    .   b - +0 scale mail
rPois    .         Spirit   .   (no helmet)
rElec    .         Reflect  .   j - scarf {repulsion}
rCorr    .         Harm     .   (no gloves)
MR       .....     Clarity  +   n - +1 pair of boots
Stlth    ..........             (no amulet)
HPRegen  0.59/turn              B - +1 ring of protection
MPRegen  0.11/turn              E - +2 ring of slaying

@: mighty, studying Conjurations, repel missiles
A: hooves 2, large bone plates 2, clarity, clumsy 1, regeneration 1, spiny 2,
rot immunity
a: no special abilities


You were on level 7 of the Dungeon.
You were not hungry.

You visited 2 branches of the dungeon, and saw 8 of its levels.
You also visited: Ossuary.

You collected 447 gold pieces.
You spent 210 gold pieces at shops.

Inventory:

Hand Weapons
 a - a +1 war axe (weapon)
Armour
 b - a +0 scale mail (worn)
 c - a +0 shield (worn)
 j - a scarf of repulsion (worn)
 n - a +1 pair of boots (worn)
 o - a +0 cloak
Jewellery
 w - an uncursed ring of see invisible {unknown}
 B - a +1 ring of protection (left hand)
 E - a +2 ring of slaying (right hand)
Wands
 D - a wand of iceblast (9)
Scrolls
 e - 4 scrolls of enchant weapon
 g - 3 scrolls of teleportation
 i - 5 scrolls of remove curse
 s - 7 scrolls of identify
 u - 2 scrolls of fear
 v - a scroll of blinking
 A - a scroll of amnesia
Potions
 h - 3 potions of magic
 k - a potion of mutation
 l - a potion of berserk rage {unknown}
 m - a potion of invisibility {unknown}
 p - 2 potions of flight {unknown}
 q - 4 potions of curing
 r - a potion of degeneration {unknown}
 t - a potion of agility {unknown}
 x - a potion of heal wounds {unknown}
Books
 d - a manual of Conjurations
Comestibles
 f - 7 rations


   Skills:
 - Level 3.0 Fighting
 + Level 7.6 Axes
 - Level 2.6 Armour
 + Level 7.9 Shields


You had 7 spell levels left.
You didn't know any spells.
Your spell library was empty.

Dungeon Overview and Level Annotations

Branches:
Dungeon (7/15)             Temple (1/1) D:5         Ossuary (visited)

Altars:
Ashenzari
Cheibriados
Dithmenos
Elyvilon
Fedhas
Gozag
Hepliaklqana
Makhleb
Nemelex Xobeh
Okawaru
Qazlal
Ru
Sif Muna
Trog
Uskayaw
Vehumet
Wu Jian
Xom
Yredelemnul
Zin
The Shining One

Shops:
D:4 [((=:

Annotations:
D:7 Harold


Innate Abilities, Weirdness & Mutations

You have hoof-like feet.
You are mostly covered in large bone plates. (SH +6)
You are mostly covered in sharp spines.
You are immune to rotting.
You possess an exceptional clarity of mind.
You are clumsy. (Dex -2)
Your natural rate of healing is unusually fast.


Message History

The iguana completely misses you.
Harold hits you from afar with a +0 glaive!!
You hit the iguana.
The iguana is heavily wounded.
You block the iguana's attack.
Harold hits you from afar with a +0 glaive!
* * * LOW HITPOINT WARNING * * *
The iguana is struck by your spines. The iguana barely misses you.
You slash the iguana!
You kill the iguana!
Harold barely misses you.
You feel very mighty all of a sudden.
Harold says, "Let's make it quick, okay?
I've got mouths to feed."
Harold hits you from afar with a +0 glaive!
* * * LOW HITPOINT WARNING * * *
You see here an iguana corpse.
You hit Harold.
Harold is lightly wounded.
Harold is struck by your spines. Harold hits you with a +0 glaive!!
You die...

**,,,,,,,,***,,,,**
*#....##* ,,,,,,,****
*#..** *#.##)).##
,,,,,,** #..*
*#.**##(... ****,,,*
#..* *#.** ##<..
**,,* #..* ##.#* #...
*,,* #..* ##..# ##...
*,,* #..* ##..#*
##.... *,,**
#.@###...## ##..##.
*,,,*
##..@##....####..####
*,,,*
##...............## #
**,,**
#..$............## #
**,,**
#(.##...#####...##
**,,** #.#*##.##
###..# *,*** #.* #.#
##.# *,* #,* #.# ###
*,* *** ### ***


You could see Harold.

Vanquished Creatures
  A phantom (D:6)
  A sky beast (D:6)
  2 ogres (D:6)
  A big kobold (D:7)
  3 bullfrogs (D:6)
  7 scorpions
  A centaur zombie (Ossuary)
  A bullfrog skeleton (D:5)
  A centaur skeleton (D:6)
  3 orc priests
  A gnoll shaman (D:5)
  Crazy Yiuf (D:2)
  3 orc wizards (D:4)
  An iguana (D:7)
  2 worker ants
  A killer bee zombie (D:6)
  2 big kobold zombies (Ossuary)
  A hound skeleton (D:4)
  4 mummies
  8 gnolls
  6 scorpion zombies (Ossuary)
  4 adders
  2 shadow imps (D:6)
  2 oozes
  An adder zombie (D:1)
  4 worms
  A dart slug (D:1)
  3 leopard geckos
  16 orcs
  A bat zombie (D:1)
  4 giant cockroaches
  7 goblins
  5 hobgoblins
  3 jackals (D:4)
  2 quokkas
  14 bats
  7 frilled lizards
  2 gnoll zombies (Ossuary)
  6 goblin zombies (Ossuary)
  A hobgoblin zombie (D:6)
  9 kobolds
  4 kobold zombies (Ossuary)
  An orc zombie (D:6)
  A quokka skeleton (D:3)
  27 rats
178 creatures vanquished.

Vanquished Creatures (others)
  A centaur (D:5)
  A scorpion (Ossuary)
  A hobgoblin zombie (Ossuary)
3 creatures vanquished.

Grand Total: 181 creatures vanquished

Notes
Turn   | Place    | Note
-------+----------+-------------------------------------------
     0 | D:1      | theswoord the Demonspawn Fighter began the quest for the
                  | Orb.
     0 | D:1      | Reached XP level 1. HP: 18/18 MP: 1/1
   100 | D:1      | Gained mutation: You are partially covered in large bone
                  | plates. (SH +4) [demonic ancestry]
   100 | D:1      | Reached XP level 2. HP: 15/24 MP: 2/2
   254 | D:1      | Gained mutation: You are immune to rotting. [demonic
                  | ancestry]
   254 | D:1      | Reached XP level 3. HP: 29/29 MP: 3/3
  1580 | D:2      | Found a runed translucent door.
  1581 | D:2      | Noticed Crazy Yiuf
  1682 | D:2      | Killed Crazy Yiuf
  1682 | D:2      | Gained mutation: You have large cloven feet. [demonic
                  | ancestry]
  1682 | D:2      | Reached XP level 4. HP: 12/35 MP: 4/4
  2728 | D:3      | Gained mutation: Your natural rate of healing is unusually
                  | fast. [potion of mutation]
  2728 | D:3      | Gained mutation: You are clumsy. (Dex -2) [potion of
                  | mutation]
  2728 | D:3      | Gained mutation: You possess an exceptional clarity of
                  | mind. [potion of mutation]
  2735 | D:3      | Gained mutation: You are mostly covered in large bone
                  | plates. (SH +6) [demonic ancestry]
  2735 | D:3      | Reached XP level 5. HP: 24/41 MP: 5/5
  2782 | D:3      | Found a sacrificial altar of Ru.
  3000 | D:3      | Found a snail-covered altar of Cheibriados.
  3017 | D:3      | Found a burning altar of Makhleb.
  3276 | D:3      | You fall into a shaft and drop 3 floors!
  3276 | D:6      | Noticed an ogre
  3277 | D:6      | Noticed a phantom
  3280 | D:6      | Killed an ogre
  3280 | D:6      | Gained mutation: You have hoof-like feet. [demonic
                  | ancestry]
  3280 | D:6      | Reached XP level 6. HP: 47/47 MP: 6/6
  3284 | D:6      | Reached skill level 5 in Shields
  3361 | D:6      | Reached skill level 5 in Axes
  3361 | D:6      | Gained mutation: You are partially covered in sharp spines.
                  | [demonic ancestry]
  3361 | D:6      | Reached XP level 7. HP: 40/52 MP: 7/7
  3555 | D:6      | Found a sand-covered staircase.
  3566 | Ossuary  | Entered an ossuary
  3663 | Ossuary  | Gained mutation: You are mostly covered in sharp spines.
                  | [demonic ancestry]
  3663 | Ossuary  | Reached XP level 8. HP: 22/58 MP: 8/8
  4149 | D:5      | Entered Level 5 of the Dungeon
  4164 | D:5      | Found an ornate altar of the Wu Jian Council.
  4254 | D:4      | Found Duzoghan's Armour Shoppe.
  4441 | D:4      | Found Lotupp's Jewellery Emporium.
  4454 | D:4      | Bought a +2 ring of slaying for 210 gold pieces
  4675 | D:4      | Found Vonupsacw's Antique Weapon Shoppe.
  4719 | D:4      | Found Tany's Antique Weapon Shop.
  4811 | D:4      | Found Ucaan's Book Shoppe.
  5657 | D:5      | Found a staircase to the Ecumenical Temple.
  5690 | D:5      | Found a shimmering altar of Xom.
  5756 | Temple   | Entered the Ecumenical Temple
  6026 | D:6      | Noticed an angel
  6027 | D:6      | Found a glowing silver altar of Zin.
  6224 | D:7      | Noticed Harold
  6231 | D:7      | Slain by Harold

Skill      XL: |  1  2  3  4  5  6  7  8 |
---------------+-------------------------+-----
Axes           | 2 3 4 5 6 7 |  7.6
Shields        | 3 4 5 6 7 |  7.9
Fighting       | |  3.0
Armour         | |  2.6

Action                   |  1- 3 |  4- 6 |  7- 9 || total
-------------------------+-------+-------+-------++-------
Melee: War axe           |   152 |   114 |   294 ||   560
       Kick              |       |     5 |       ||     5
  Use: Scroll            |       |     8 |     7 ||    15
       Potion            |       |     2 |     1 ||     3
  Eat: Chunk             |     3 |     5 |    10 ||    18
Armor: Scale mail        |    72 |    41 |    50 ||   163
Dodge: Dodged            |    47 |    27 |    38 ||   112
       Deflected         |       |       |     1 ||     1
Block: Shield            |   139 |   110 |   211 ||   460

Levels and vault maps discovered:
D:1:      saegor_arrival_fortress, layout_basic
D:2:      layout_loops_ring, uniq_crazy_yiuf_cottage
D:3:      layout_basic, lemuel_coloured_pillars_altar, lemuel_round_altar,
          overflow_temple_1_default, first_ration
D:4:      layout_basic, serial_shops, nicolae_shop_behind_doors, shop_fountains,
          shop, shop, nicolae_shop_crystal, minmay_rat_hole
D:5:      lemuel_ice_spiral_2, layout_basic, old_standard_altar,
          kennysheep_little_box, minmay_temple_entry_hall,
          minmay_misc_feat_room, lemuel_old_faithful
D:6:      layout_rooms, zin_angel, nicolae_ossuary_entry_giza,
          minmay_manual_moon
D:7:      layout_layer_cave, uniq_harold, uniq_pikel
Temple:   regret_index_temple_waves
